Map: Newkirk Precinct TE (Void)

Players

Railgan

  • Race: Zerg Zerg
  • League: Master
  • Spawn Location: 7:00

llllllllllll - Winner!

  • Race: Zerg Zerg
  • League: Master
  • Spawn Location: 5:00

VOD

Have the link to the VOD?

Description

Time

  • Played on: March 1, 2017, 5:26 p.m.
  • Length: 7:54
Show
View Real Time Build Order
Export as new Build Order

Railgan Zerg 

Build Orders: Hatch First 

Get SALT Encoding   

  12  0:01  Drone  
  13  0:13  Overlord  
  13  0:19  Drone  
  14  0:31  Drone x2  
  16  0:38  Drone  
  17  0:48  Drone  
  18  0:58  Hatchery  
  18  1:02  Drone  
  18  1:03  Extractor  
  17  1:17  Spawning Pool  
  16  1:20  Drone  
  16  1:23  Drone  
  18  1:28  Drone  
  19  1:39  Overlord  
  19  1:59  Drone  
  20  2:04  Queen  
  20  2:05  Zergling x2  
  23  2:10  Queen  
  23  2:11  Drone  
  23  2:12  Drone  
  23  2:14  Metabolic Boost  
  27  2:23  Drone x2  
  29  2:33  Drone x2  
  31  2:43  Queen  
  33  2:47  Baneling Nest, Zergling x2  
  33  2:48  Zergling x2  
  33  2:56  Overlord  
  33  2:57  Drone  
  34  3:06  Drone  
  34  3:09  Roach Warren  
  34  3:11  Zergling x2  
  35  3:15  Drone  
  35  3:16  Drone x2  
  38  3:20  Drone  
  38  3:23  Drone x2  
  41  3:31  Drone  
  42  3:35  Overlord  
  42  3:38  Extractor, Drone x2  
  43  3:41  Overlord  
  43  3:49  Zergling x2  
  43  3:55  Zergling x14  
  50  4:03  Zergling x2  
  47  4:17  Drone  
  47  4:18  Drone  
  47  4:19  Drone  
  49  4:26  Overlord  
  49  4:27  Overlord, Roach x5  
  59  4:38  Baneling x2  
  59  4:40  Overlord  
  59  4:44  Hatchery  
  58  4:46  Roach x2  
  58  4:51  Baneling x2  
  58  4:52  Roach  
  64  4:55  Roach  
  64  4:57  Overlord  
  64  4:59  Roach  
  68  5:05  Roach x2  
  72  5:07  Roach  
  72  5:10  Roach  
  76  5:18  Zergling x6  
  75  5:23  Roach  
  75  5:27  Zergling x2  
  75  5:33  Zergling x12  
  78  5:37  Baneling  
  78  5:38  Zergling x2  
  78  5:39  Ravager  
  80  5:45  Zergling x2  
  80  5:53  Zergling x2  
  80  5:56  Zergling x2  
  80  5:57  Zergling x2  
  80  5:58  Zergling x2  
  80  5:59  Queen  
  80  6:00  Zergling x2  
  80  6:03  Ravager  
  80  6:04  Zergling x4  
  87  6:06  Zergling x2  
  86  6:16  Zergling x4  
  86  6:18  Zergling x10  
  74  6:29  Zergling x2  
  73  6:34  Ravager  
  73  6:35  Zergling x2  
  73  6:36  Zergling x2  
  73  6:37  Zergling x6  
  78  6:42  Zergling x8  
  77  6:49  Zergling x4  
  77  6:52  Zergling x2  
  70  6:56  Zergling x2  
  70  6:59  Zergling x2  
  67  7:02  Zergling x2  
  67  7:05  Ravager  
  67  7:06  Roach  
  71  7:09  Zergling x6  
  71  7:10  Zergling x2  
  71  7:11  Zergling x12  
  71  7:13  Overlord  
  81  7:21  Zergling x2  
  71  7:27  Roach x2  
  68  7:31  Roach  
  68  7:35  Roach x3  
  66  7:52  Ravager  
Show
View Real Time Build Order
Export as new Build Order

llllllllllll Zerg - Winner!

Build Orders: Hatch First 

Get SALT Encoding   

  12  0:00  Drone  
  13  0:12  Overlord  
  13  0:17  Drone  
  14  0:31  Drone x2  
  14  0:34  Drone  
  17  0:53  Hatchery  
  17  0:56  Drone  
  17  0:58  Drone  
  17  1:01  Extractor  
  17  1:15  Spawning Pool  
  17  1:17  Drone  
  17  1:20  Drone  
  18  1:28  Drone  
  19  1:38  Overlord  
  19  1:50  Drone  
  20  2:01  Metabolic Boost  
  20  2:02  Queen  
  20  2:03  Zergling x2  
  20  2:05  Queen  
  26  2:08  Zergling x2  
  26  2:13  Drone  
  26  2:15  Drone  
  28  2:27  Drone x2  
  30  2:40  Hatchery  
  29  2:48  Drone x3  
  29  2:49  Drone  
  33  2:57  Baneling Nest  
  32  3:01  Overlord  
  32  3:07  Drone x2  
  32  3:09  Drone  
  32  3:12  Drone  
  34  3:22  Zergling x8  
  34  3:25  Zergling x6  
  41  3:33  Roach Warren  
  40  3:34  Evolution Chamber  
  40  3:39  Zergling x4  
  42  3:43  Extractor  
  42  3:46  Overlord  
  42  3:47  Drone  
  42  3:56  Drone x7  
  42  4:01  Zerg Missile Weapons Level 1  
  49  4:12  Drone x4  
  49  4:13  Drone  
  53  4:23  Roach x4  
  57  4:29  Extractor  
  56  4:33  Roach  
  56  4:34  Overlord  
  56  4:35  Lair  
  58  4:52  Queen  
  60  4:54  Drone x2  
  60  4:55  Drone  
  60  4:59  Roach  
  65  5:01  Overlord x2  
  65  5:07  Overlord  
  61  5:21  Roach  
  61  5:22  Roach x8  
  73  5:30  Roach  
  73  5:31  Roach x4  
  80  5:40  Roach x4  
  86  5:56  Roach x3  
  86  5:57  Roach  
  90  5:59  Glial Reconstitution  
  90  6:05  Extractor  
  90  6:06  Overlord x3  
  75  6:19  Roach x6  
  79  6:28  Roach x3  
  79  6:31  Roach  
  87  6:38  Roach x2  
  79  6:55  Roach x6  
  89  7:02  Drone  
  89  7:03  Drone x2, Queen  
  89  7:05  Ravager  
  95  7:10  Zergling x12  
  95  7:14  Ravager  
  92  7:32  Ravager  
Tags
 
Add a new tag
Caveats
  • Supply blocks, unpowered buildings, or Contaminate may cause inaccurate times.
  • Supply counts are checked every 10 seconds.